 Dungeon Crawl Stone Soup version 0.19.5 (webtiles) character file.

39 Kahvikuppo the Slasher (level 3, 0/29 HPs)
             Began as a Demonspawn Berserker on Apr 17, 2017.
             Was a Follower of Trog.
             Slain by an adder (3 damage)
             ... on level 2 of the Dungeon.
             The game lasted 00:04:21 (1273 turns).

Kahvikuppo the Slasher (Demonspawn Berserker)       Turns: 1273, Time: 00:04:21

Health: 0/29       AC:  8    Str: 18    XL:     3   Next: 28%
Magic:  0/3        EV:  7    Int:  8    God:    Trog [*.....]
Gold:   37         SH:  3    Dex: 12    Spells: 0 memorised, 2 levels left

rFire  . . .     SeeInvis .     a - +0 falchion
rCold  . . .     Gourm    .     n - +0 chain mail
rNeg   . . .     Faith    .     f - +0 buckler
rPois  .         Spirit   +     (helmet restricted)
rElec  .         Reflect  .     (no cloak)
rCorr  .         Harm     .     (no gloves)
MR     .....                    (no boots)
Stlth  ..........               (no amulet)
                                (no ring)
                                (no ring)

@: lethally poisoned (0 -> -7)
A: horns 1, magic shield
a: Berserk, Burn Spellbooks, Renounce Religion


You were on level 2 of the Dungeon.
You worshipped Trog.
Trog was aware of your devotion.
You were not hungry.

You visited 1 branch of the dungeon, and saw 2 of its levels.

You collected 37 gold pieces.

Inventory:

Hand Weapons
 a - a +0 falchion (weapon)
Armour
 b - a +0 animal skin
 f - a +0 buckler (worn)
 k - a +0 robe
 l - a +2 robe of magic resistance
 n - a +0 chain mail (worn)
Scrolls
 d - a scroll of recharging {unknown}
 e - a scroll of random uselessness {unknown}
 g - a scroll of identify {unknown}
 h - a scroll of magic mapping {unknown}
 j - a scroll of amnesia {unknown}
 m - a scroll of teleportation {unknown}
 o - a scroll of fog {unknown}
Comestibles
 c - 2 bread rations
 i - a meat ration


   Skills:
 + Level 3.2 Fighting
 + Level 3.3 Long Blades
 + Level 2.0 Armour
 + Level 2.2 Dodging
 + Level 0.2 Stealth


You had 2 spell levels left.
You didn't know any spells.

Dungeon Overview and Level Annotations

Branches:
Dungeon (2/15)

Altars:


Innate Abilities, Weirdness & Mutations

You have a pair of small horns on your head.
When hurt, damage is shared between your health and your magic reserves.


Message History

You closely miss the adder.
You feel sick.
You are no longer poisoned.
The adder bites you but does no damage. The adder bites you.
* * * LOW HITPOINT WARNING * * *
You are poisoned.
The adder poisons you!
You hit the adder but do no damage.
You feel sick. The adder bites you but does no damage.
You block the adder's attack.
You hit the adder.
The adder is moderately wounded.
The adder bites you.
* * * LOW HITPOINT WARNING * * *
You are more poisoned.
The adder poisons you!
Okay, then.
You hit the adder. Your headbutt misses the adder.
The adder is heavily wounded.
* * * LOW HITPOINT WARNING * * *
You feel sick. The adder bites you.
You die...

.#.......
..#.!#.##.. ....
....#.##.# #>.#
#..#.##.# #..# #
....##.# #..#..
#..##.# #...
#.†##.###.#####.#
#.#..##...........#
#....S@............
#.##.##.###.#######
... #..#..##(# #.#
##.#..##.#### ...
#....##.##.#######
##
#...##.##<.......
##...##.##.##.....
........##.# ###
##...##.##.#


You could see an adder.

Vanquished Creatures
  2 adders (D:2)
  A dart slug (D:1)
  A leopard gecko (D:2)
  3 goblins
  A hobgoblin (D:1)
  4 bats
  2 frilled lizards (D:1)
  4 kobolds
  2 rats (D:1)
20 creatures vanquished.

Notes
Turn   | Place    | Note
-------+----------+-------------------------------------------
     0 | D:1      | Kahvikuppo the Demonspawn Berserker began the quest for the Orb.
     0 | D:1      | Reached XP level 1. HP: 18/18 MP: 1/1
   542 | D:1      | Gained mutation: When hurt, damage is shared between your health and your magic reserves. [demonic ancestry]
   542 | D:1      | Reached XP level 2. HP: 15/24 MP: 2/2
  1084 | D:2      | Gained mutation: You have a pair of small horns on your head. [demonic ancestry]
  1084 | D:2      | Reached XP level 3. HP: 15/29 MP: 3/3
  1273 | D:2      | Slain by an adder

Skill      XL: |  1  2 |
---------------+-------+-----
Long Blades    | 3 |  3.3
Armour         | 2 |  2.0
Dodging        | 2 |  2.2
Fighting       | |  3.2
Stealth        | |  0.2

Action                   || total
-------------------------++-------
Melee: Falchion          ||    96
       Headbutt          ||     4
  Eat: Meat ration       ||     1
Armor: Animal skin       ||     4
       Chain mail        ||    49
       Robe              ||     3
Dodge: Dodged            ||    53
Block: Buckler           ||    18
       Rpst.: Falchion   ||    11
